 Dungeon Crawl Stone Soup version 0.28.0-53-g5a82cb258f (webtiles) character file.

Game seed: 3325084328764219865

46 jiml777 the Gusty (level 3, 0/19 HPs)
             Began as a Gargoyle Air Elementalist on June 15, 2022.
             Slain by Terence
             ... wielding a +0 flail
              (3 damage)
             ... on level 2 of the Dungeon.
             The game lasted 00:08:42 (2371 turns).

jiml777 the Gusty (Gargoyle Air Elementalist)       Turns: 2371, Time: 00:08:43

Health: 0/19       AC:  5    Str: 11    XL:     3   Next: 68%
Magic:  1/6        EV: 12    Int: 17    God:
Gold:   66         SH:  0    Dex: 10    Spells: 5/6 levels left

rFire   . . .      SeeInvis .   j - +0 short sword
rCold   . . .      Faith    .   (no shield)
rNeg    + . .      Spirit   .   a - +0 robe
rPois   ∞          Reflect  .   (no helmet)
rElec   +          Harm     .   (no cloak)
rCorr   .          Rampage  .   (no gloves)
Will    .....                   (no boots)
Stlth   ++........              (no amulet)
HPRegen 0.06/turn               (no ring)
MPRegen 0.10/turn               (no ring)

@: no status effects
A: sickness immunity, AC +3, negative energy resistance 1, electricity
resistance, torment resistance 1, petrification resistance
a: no special abilities


You were on level 2 of the Dungeon.
You visited 1 branch of the dungeon, and saw 2 of its levels.

You collected 66 gold pieces.

Inventory:

Hand Weapons
 f - a +0 dagger
 j - a +0 short sword (weapon)
Missiles
 b - 2 curare-tipped darts
 e - 13 sling bullets
 l - 52 stones
 m - 37 bolts
Armour
 a - a +0 robe (worn)
Scrolls
 g - a scroll of torment {unknown}
 h - a scroll of brand weapon {unknown}
 i - 2 scrolls of vulnerability {unknown}
Potions
 c - 4 potions of curing
 d - 4 potions of brilliance
 n - a potion of flight


   Skills:
 + Level 0.2 Short Blades
 + Level 1.9 Dodging
 + Level 2.3 Stealth
 + Level 2.2 Spellcasting
 + Level 1.6 Conjurations
 + Level 3.1 Air Magic


You had 5 spell levels left.
You knew the following spells:

 Your Spells              Type           Power      Damage    Failure   Level
a - Shock                 Conj/Air       40%        1d5       7%          1

Your spell library contained the following spells:

 Spells                   Type           Power      Damage    Failure   Level
 Static Discharge         Conj/Air       10%        N/A       11%         2
 Swiftness                Air            12%        N/A       16%         3
 Airstrike                Air            6%         N/A       45%         4


Dungeon Overview and Level Annotations

Branches:
Dungeon (2/15)

Altars:

Annotations:
D:2 Terence


Innate Abilities, Weirdness & Mutations

You are immune to sickness and miasma.
Your stone body is resilient. (AC +3)
You are immune to poison.
You resist negative energy. (rN+)
You are resistant to electric shocks. (rElec)
You are resistant to unholy torment.
You are immune to petrification.


Message History

Terence is heavily wounded.
Terence closely misses you.
Casting: Shock (safe; 7% risk of failure)
Confirm with . or Enter, or press ? or * to list all spells.
Aiming: Shock (safe; 7% risk of failure)
Press: ? - help, Shift-Dir - straight line The zap hits Terence but does no damage.
Terence is heavily wounded.
The zap hits Terence.
Terence is heavily wounded.
Terence closely misses you.
Casting: Shock (safe; 7% risk of failure)
Confirm with . or Enter, or press ? or * to list all spells.
Aiming: Shock (safe; 7% risk of failure)
Press: ? - help, Shift-Dir - straight line The zap hits Terence.
Terence is severely wounded.
The zap hits Terence.
Terence is severely wounded.
Terence hits you with a +0 flail. Terence hits you with a +0 flail!
* * * LOW HITPOINT WARNING * * *
Terence asks, "Do you want it fast or slow?"
Casting: Shock (safe; 7% risk of failure)
Confirm with . or Enter, or press ? or * to list all spells.
Aiming: Shock (safe; 7% risk of failure)
Press: ? - help, Shift-Dir - straight line The zap misses Terence. x2
Terence shouts, "ATTACK!!!"
Terence shouts, "Get ready for death!"
Casting: Shock (safe; 7% risk of failure)
Confirm with . or Enter, or press ? or * to list all spells.
Aiming: Shock (safe; 7% risk of failure)
Press: ? - help, Shift-Dir - straight line The zap hits Terence.
Terence is severely wounded.
The zap hits Terence but does no damage.
Terence is severely wounded.
Terence hits you with a +0 flail.
You die...

###########
#.@.......#
#@#######.# #.# #.#
#.# #.# ##########.#
#.# ...........#
##.#######
#######.####
##.......#
#.################.##
#..........### #...
#.# ###.######.# ####


You could see Terence.

Vanquished Creatures
  An adder (D:2)
  2 dart slugs (D:1)
  4 ball pythons (D:1)
  2 endoplasms (D:1)
  3 giant cockroaches
  4 goblins
  4 hobgoblins (D:1)
  2 jackals (D:2)
  2 kobolds
  2 quokkas (D:2)
  A bat (D:1)
  3 rats
30 creatures vanquished.

Notes
Turn   | Place    | Note
-------+----------+-------------------------------------------
     0 | D:1      | jiml777 the Gargoyle Air Elementalist began the quest for
                  | the Orb.
     0 | D:1      | Reached XP level 1. HP: 10/10 MP: 3/3
   451 | D:1      | Reached XP level 2. HP: 9/15 MP: 5/5
   865 | D:1      | Reached skill level 3 in Air Magic
  1108 | D:1      | Reached XP level 3. HP: 19/19 MP: 2/6
  2281 | D:2      | Noticed Terence
  2371 | D:2      | Slain by Terence

Illustrated notes

Levels and vault maps discovered:
D:1:      lemuel_arrival_behind_the_door_large, layout_loops_ring,
          minmay_small_reverse_x
D:2:      layout_loops_ring, serial_co_window_serial, co_window_corner_a,
          co_window_paths_a, co_window_paths_a, co_window_corner_a,
          co_window_paths_a, co_window_of_opportunity_b, co_window_broadway_a,
          co_window_unsneaky_path_e, co_window_corner_b, co_window_broadway_c,
          co_window_2corner, glass_columns_b, glass_columns_b, glass_columns_c,
          glass_columns_a, shapermc_ecumenical_altar_venn, uniq_terence

Skill      XL: |  1  2 |
---------------+-------+-----
Air Magic      | 3 |  3.1
Short Blades   | |  0.2
Dodging        | |  1.9
Stealth        | |  2.3
Spellcasting   | |  2.2
Conjurations   | |  1.6

Action                   || total
-------------------------++-------
Melee: Dagger            ||    26
       Unarmed           ||     3
       Short sword       ||    21
 Cast: Shock             ||    47
  Use: Scroll            ||     3
Armor: Robe              ||    20
Dodge: Dodged            ||    48
